 Dungeon Crawl Stone Soup version 0.27-a0-1196-g3e9cee4cb2 (webtiles) character file.

Game seed: 6835278827901069456

10307 bisexualwizard the Severer (level 11, -4/95 HPs)
             Began as a Hill Orc Gladiator on May 29, 2021.
             Was a Priest of Makhleb.
             Slain by a salamander
             ... wielding a +1 trident
              (7 damage)
             ... in a volcano.
             The game lasted 00:32:15 (10240 turns).

bisexualwizard the Severer (Hill Orc Gladiator)    Turns: 10240, Time: 00:32:18

Health: -4/95      AC: 13    Str: 27    XL:     11   Next: 60%
Magic:  15/15      EV: 11    Int:  8    God:    Makhleb [***...]
Gold:   523        SH:  0    Dex: 12    Spells: 10/10 levels left

rFire    + . .     SeeInvis .   a - +1 war axe
rCold    . . .     Faith    .   (no shield)
rNeg     . . .     Spirit   .   D - +0 scale mail {rF+}
rPois    .         Reflect  .   c - +0 helmet
rElec    .         Harm     .   u - +0 cloak
rCorr    .         Rampage  .   (no gloves)
Will     +....                  n - +2 pair of boots
Stlth    ..........             p - amulet of regeneration
HPRegen  1.25/turn              g - +6 ring of strength
MPRegen  0.14/turn              t - ring of willpower

@: mighty
A: no striking features
a: Renounce Religion, Minor Destruction, Lesser Servant of Makhleb


You were in a volcano.
You worshipped Makhleb.
Makhleb was most pleased with you.
You visited 3 branches of the dungeon, and saw 12 of its levels.
You also visited: Volcano.

You collected 523 gold pieces.

Inventory:

Hand Weapons
 a - a +1 war axe (weapon)
Missiles
 d - 3 throwing nets
 l - 43 poisoned darts (quivered)
 v - 3 curare-tipped darts
Armour
 c - a +0 helmet (worn)
 f - a +0 ring mail
 n - a +2 pair of boots (worn)
 u - a +0 cloak (worn)
 D - a +0 scale mail of fire resistance (worn)
 G - a +0 plate armour
Jewellery
 g - a +6 ring of strength (left hand)
 p - an amulet of regeneration (around neck)
 t - a ring of willpower (right hand)
 F - a +6 ring of intelligence
Wands
 C - a wand of polymorph (12)
Scrolls
 b - a scroll of brand weapon {unknown}
 h - a scroll of teleportation
 i - a scroll of immolation {unknown}
 j - a scroll of fear
 k - 2 scrolls of fog
 m - 2 scrolls of identify
 o - a scroll of noise
 s - 4 scrolls of enchant weapon
 x - a scroll of blinking {unknown}
 y - a scroll of magic mapping
 z - a scroll of enchant armour {unknown}
 B - a scroll of amnesia {unknown}
 E - a scroll of torment {unknown}
Potions
 q - 2 potions of magic
 r - 2 potions of flight
 w - a potion of might
 A - 2 potions of ambrosia


   Skills:
 + Level 8.9 Fighting
 - Level 17.3 Axes
 + Level 1.9 Throwing
 + Level 6.1 Armour
 + Level 4.2 Dodging
 - Level 0.1 Stealth
 * Level 5.9 Invocations


You had 10 spell levels left.
You didn't know any spells.
Your spell library contained the following spells:

 Spells                   Type           Power      Damage    Failure   Level
 Apportation              Tloc           0%         N/A       65%         1
 Summon Small Mammal      Summ           0%         N/A       65%         1
 Call Imp                 Summ           0%         N/A       80%         2
 Call Canine Familiar     Summ           0%         N/A       95%         3
 Lesser Beckoning         Tloc           0%         N/A       95%         3
 Summon Guardian Golem    Hex/Summ       0%         N/A       95%         3
 Tukima's Dance           Hex            0%         N/A       95%         3
 Summon Ice Beast         Ice/Summ       0%         N/A       100%        4
 Summon Lightning Spire   Summ/Air       0%         N/A       100%        4
 Alistair's Intoxication  Tmut/Pois      0%         N/A       100%        5
 Invisibility             Hex            0%         N/A       100%        6


Dungeon Overview and Level Annotations

Branches:
Dungeon (10/15)            Temple (1/1) D:4            Lair (1/6) D:10
Volcano (1/1)
    Orc: D:9-12

Altars:
Ashenzari
Cheibriados
Dithmenos
Elyvilon
Fedhas
Gozag
Hepliaklqana
Kikubaaqudgha
Makhleb
Nemelex Xobeh
Okawaru
Qazlal
Ru
Sif Muna
Trog
Uskayaw
Vehumet
Wu Jian
Xom
Yredelemnul
Zin
The Shining One

Shops:
D:7 (

Annotations:
D:9 4 runed translucent doors


Message History

You open the door.
There is an open door here.
You open the door. 3 salamanders and a salamander mystic come into view.
The salamander mystic is wielding a +0 quarterstaff of speed.
The salamander wields a +0 shortbow of flaming.
It bursts into flame!
The salamander shoots an arrow.
The arrow hits you! The arrow burns you.
Found a burning altar of Makhleb.
The salamander shoots an arrow.
The arrow hits you! The arrow burns you.
The salamander wields a +0 shortbow of flaming.
It bursts into flame!
The salamander shoots an arrow.
The arrow hits you but does no damage.
The salamander shoots an arrow.
The arrow hits you but does no damage.
The salamander unwields a +0 shortbow of flaming.
It stops flaming.
The salamander hits you.
You are engulfed in flames!
You resist.
You hit the salamander.
The salamander is lightly wounded.
The salamander barely misses you.
You slash the salamander!
The salamander is moderately wounded.
The salamander hits you but does no damage.
You slash the salamander!
The salamander is heavily wounded.
The salamander hits you from afar with a +1 trident!
You are engulfed in flames.
You resist. The salamander hits you!
You are engulfed in flames!
You resist.
The salamander mystic gestures at the salamander while chanting.
The salamander seems to speed up.
You feel very mighty all of a sudden. The salamander barely misses you. x2
A demon appears!
The salamander hits you.
* * * LOW HITPOINT WARNING * * *
You are engulfed in flames!
You resist.
* * * LOW HITPOINT WARNING * * *
The salamander hits you from afar with a +1 trident!
* * * LOW HITPOINT WARNING * * *
You are engulfed in flames!
You resist.
You die...

≈○○≈≈§§§≈.≈≈≈≈≈≈≈≈≈§≈.≈≈≈≈§§≈≈≈§≈
○°°○≈≈§§..................§§≈≈≈≈≈
○≈○○≈§§§########'########.§≈§≈≈≈≈
≈≈§°≈≈§.# #.# #.§§≈≈§≈§ ≈≈≈§§§≈.#
#.# #..≈≈≈§≈≈ §≈≈≈≈≈..# #.#
#.≈§≈≈≈§≈ ≈≈§≈≈≈≈.# #3# #..≈≈≈≈≈≈
≈§§§§§≈.######.#.#.######.≈≈§≈≈≈≈
§§§≈§≈≈.#......#@#......#.≈§§≈§≈≈
≈≈§§≈≈≈.###++###N###++###.≈≈≈≈≈§§
≈§§≈≈≈≈.#


NNN #.≈≈≈≈§≈§ ≈≈≈≈≈§§.# .8_8. #.§≈≈§§§§ °§≈§≈≈≈.# +.....+ #.≈§§≈≈≈§
°≈§§§≈§.#################.≈§≈§§§§ §§§§§≈≈.§...§§.§§........≈≈≈≈≈§≈≈
§≈§§§§≈§≈≈≈§§§§≈§≈≈≈≈≈≈≈≈≈≈§≈≈§§§ °§≈§§≈≈≈≈≈≈≈§§≈§§≈§≈≈≈≈≈≈§≈≈≈≈§§≈ You could
see a salamander mystic, 3 salamanders and a friendly smoke demon (summoned).

Vanquished Creatures
  2 centaur warriors (D:9)
  A two-headed ogre (D:9)
  3 death yaks
  A cyclops (D:9)
  A troll (D:9)
  9 yaks
  A shadow (D:9)
  A wraith (D:9)
  2 fire bats (Volcano)
  An acid dragon (D:8)
  Duvessa (D:7)
  2 water moccasins
  4 orc warriors
  A sky beast (D:7)
  3 black bears
  An ice beast (D:5)
  An ogre (D:7)
  2 necrophages (D:5)
  A centaur (D:9)
  3 kobold brigands
  3 bullfrogs
  A gnoll sergeant (D:9)
  Dowan (D:7)
  A scorpion (D:5)
  12 killer bees (D:9)
  A water moccasin skeleton (D:5)
  A wight (D:9)
  2 howler monkeys
  A bullfrog zombie (D:6)
  6 lava snakes (Volcano)
  5 centaur zombies
  3 hounds
  4 orc priests
  2 bullfrog skeletons
  3 iguanas
  Jessica (D:3)
  5 orc wizards
  A hell rat (D:10)
  Terence (D:3)
  A killer bee zombie (D:8)
  A howler monkey zombie (D:6)
  2 howler monkey skeletons
  5 gnolls (D:9)
  4 adders
  2 white imps
  A worm (D:2)
  A dart slug (D:1)
  30 orcs
  9 ball pythons
  5 endoplasms
  A giant cockroach (D:2)
  10 goblins
  11 hobgoblins
  2 jackals (D:1)
  7 quokkas
  6 bats
  3 frilled lizards
  24 kobolds
  8 rats
228 creatures vanquished.

Vanquished Creatures (collateral kills)
  A killer bee (D:9)
1 creature vanquished.

Grand Total: 229 creatures vanquished

Notes
Turn   | Place    | Note
-------+----------+-------------------------------------------
     0 | D:1      | bisexualwizard the Hill Orc Gladiator began the quest for
                  | the Orb.
     0 | D:1      | Reached XP level 1. HP: 18/18 MP: 1/1
   164 | D:1      | Reached XP level 2. HP: 25/25 MP: 2/2
   359 | D:1      | Found a faded altar of an unknown god.
   434 | D:1      | Reached skill level 5 in Axes
   772 | D:1      | Reached XP level 3. HP: 27/30 MP: 3/3
  1537 | D:2      | Reached skill level 6 in Axes
  1832 | D:2      | Reached skill level 1 in Armour
  1832 | D:2      | Reached XP level 4. HP: 35/37 MP: 4/4
  2115 | D:3      | Noticed Jessica
  2200 | D:3      | Killed Jessica
  2409 | D:3      | Found a broken altar of Ashenzari.
  2859 | D:3      | Noticed Terence
  2872 | D:3      | Killed Terence
  2873 | D:3      | Reached XP level 5. HP: 27/42 MP: 5/5
  3225 | D:4      | Noticed a black bear
  3226 | D:4      | Found a staircase to the Ecumenical Temple.
  3232 | D:4      | Killed a black bear
  3233 | D:4      | Reached skill level 7 in Axes
  3233 | D:4      | Reached XP level 6. HP: 40/50 MP: 6/6
  3381 | Temple   | Entered the Ecumenical Temple
  3484 | Temple   | Became a worshipper of Makhleb the Destroyer
  3526 | D:4      | Noticed a black bear
  3536 | D:4      | Killed a black bear
  3537 | D:4      | Reached skill level 8 in Axes
  3877 | D:4      | Found a basalt altar of Yredelemnul.
  4646 | D:5      | Entered Level 5 of the Dungeon
  4729 | D:5      | Reached XP level 7. HP: 53/57 MP: 7/7
  4779 | D:5      | Reached skill level 9 in Axes
  5018 | D:5      | Reached * piety under Makhleb
  5170 | D:5      | Reached skill level 10 in Axes
  5220 | D:5      | Found a stormy altar of Qazlal.
  5408 | D:5      | Reached XP level 8. HP: 64/66 MP: 8/8
  5612 | D:6      | Found a white marble altar of Elyvilon.
  5613 | D:6      | Found an ornate altar of the Wu Jian Council.
  5624 | D:6      | Found a glowing golden altar of the Shining One.
  5658 | D:6      | Found a hide-covered altar of Uskayaw.
  5902 | D:5      | Reached skill level 11 in Axes
  6458 | D:7      | Reached skill level 12 in Axes
  6534 | D:7      | Reached skill level 5 in Armour
  6534 | D:7      | Reached XP level 9. HP: 73/73 MP: 9/9
  6538 | D:7      | Noticed Duvessa
  6539 | D:7      | Noticed Dowan
  6551 | D:7      | Killed Duvessa
  6551 | D:7      | Killed Dowan
  6552 | D:7      | Reached skill level 5 in Fighting
  6572 | D:7      | Found Nikuxerch's Antique Weapon Shop.
  6875 | D:7      | Reached ** piety under Makhleb
  6884 | D:7      | Reached skill level 13 in Axes
  6958 | D:8      | Reached skill level 14 in Axes
  7098 | D:8      | You fall into a shaft and drop 1 floor!
  7229 | D:9      | Reached skill level 1 in Invocations
  7388 | D:9      | Reached XP level 10. HP: 71/83 MP: 11/11
  7442 | D:9      | Found a large runed translucent door.
  7442 | D:9      | Found a large runed translucent door.
  7534 | D:9      | Noticed a centaur warrior
  7561 | D:9      | Killed a centaur warrior
  7562 | D:9      | Reached skill level 15 in Axes
  7613 | D:9      | Noticed a cyclops
  7818 | D:8      | Reached *** piety under Makhleb
  8012 | D:8      | Found a glowing silver altar of Zin.
  8205 | D:9      | Found a large runed translucent door.
  8205 | D:9      | Found a large runed translucent door.
  8331 | D:9      | Noticed a cyclops
  8334 | D:9      | Noticed a centaur warrior
  8344 | D:9      | Killed a cyclops
  8355 | D:9      | Killed a centaur warrior
  8356 | D:9      | Reached skill level 16 in Axes
  8688 | D:10     | Entered Level 10 of the Dungeon
  8886 | D:10     | Noticed a two-headed ogre
  8909 | D:9      | Killed a two-headed ogre
  8910 | D:9      | Reached XP level 11. HP: 63/94 MP: 14/14
  8986 | D:10     | Noticed a death yak
  8996 | D:10     | Reached skill level 5 in Invocations
  8996 | D:10     | Noticed a death yak
  8996 | D:10     | Noticed a death yak
  9013 | D:10     | Killed a death yak
  9173 | D:9      | Killed a death yak
  9174 | D:9      | Reached skill level 17 in Axes
  9340 | D:10     | Killed a death yak
  9623 | D:10     | Found a sacrificial altar of Ru.
  9652 | D:10     | Found a staircase to the Lair.
  9672 | Lair:1   | Entered Level 1 of the Lair of Beasts
  9780 | Lair:1   | Found a dark tunnel.
  9801 | Volcano  | Entered a volcano
 10231 | Volcano  | Found a burning altar of Makhleb.
 10231 | Volcano  | Noticed a salamander
 10231 | Volcano  | Noticed a salamander
 10231 | Volcano  | Noticed a salamander mystic
 10231 | Volcano  | Noticed a salamander
 10240 | Volcano  | HP: 3/95 [salamander/+1 trident (16)]
 10240 | Volcano  | Slain by a salamander

Illustrated notes

Levels and vault maps discovered:
D:1:      lightli_arrival_statuegarden, layout_rooms,
          hellmonk_ecumenical_altar_run_dry
D:2:      layout_loops_ring
D:3:      layout_basic, lemuel_doored_altar, uniq_terence, uniq_jessica
D:4:      layout_loops_ring, yredelemnul_altar_generic,
          minmay_temple_entry_waves, minmay_goblin_kobold_house
D:5:      lemuel_ice_spiral_2, layout_basic, grunt_qazlal_clouds
D:6:      layout_cave_pools, chequers_temple_overflow_statue_of_worship
D:7:      layout_rooms, serial_shops, shop, uniq_duvessa
D:8:      layout_rooms, zin_treasury, kennysheep_donut
D:9:      layout_grid_maze, minmay_hollow_rounded_squares
D:10:     layout_basic, nicolae_ru_the_path_less_chosen, dpeg_lair_monsters
Temple:   cyrus_circular_temple
Lair:1:   layout_regular_city, lightli_volcano_entry_magma_tube,
          fungi_pond_lemuel
Volcano:  volcano_lake [vl_original]

Skill      XL: |  1  2  3  4  5  6  7  8  9 10 11 |
---------------+----------------------------------+-----
Axes           | 5 6 7 8 10 12 14 16 17 | 17.3
Armour         | 1 2 3 4 5 6 |  6.1
Fighting       | 3 4 6 7 8 |  8.9
Invocations    | 1 4 5 |  5.9
Dodging        | 3 4 |  4.2
Throwing       | |  1.9
Stealth        | |  0.1

Action                   |  1- 3 |  4- 6 |  7- 9 | 10-12 || total
-------------------------+-------+-------+-------+-------++-------
Melee: War axe           |   111 |   139 |   279 |   301 ||   830
Throw: Dart              |       |       |     4 |    23 ||    27
Invok: Lesser Servant of |       |       |       |     3 ||     3
       Minor Destruction |       |       |       |     2 ||     2
  Use: Potion            |       |     2 |     3 |     4 ||     9
       Scroll            |       |       |    10 |     3 ||    13
Armor: Leather armour    |    10 |       |       |       ||    10
       Ring mail         |    35 |    60 |   189 |   107 ||   391
       Skin              |       |     1 |       |       ||     1
       Scale mail        |       |       |       |    11 ||    11
       Plate armour      |       |       |       |     4 ||     4
Dodge: Dodged            |    58 |    86 |   197 |   169 ||   510

Table legend: (Time is in decaauts)
 A = Elapsed time spent in this place.
 B = Non-inter-level travel time spent in this place.
 C = Inter-level travel time spent in this place.
 D = Time resting spent in this place.
 E = Time spent auto-exploring this place.
 F = Levels seen in this place.
 G = Mean time per level.
                   A        B        C        D        E       F      G
               +--------+--------+--------+--------+--------+-----+--------+
         Total |  10212 |   9724 |    488 |   1883 |   5686 |  13 |  785.5 |
       Dungeon |   9478 |   9049 |    429 |   1793 |   5489 |  10 |  947.8 |
        Temple |    175 |    166 |      9 |     46 |      4 |   1 |  175.0 |
          Lair |    128 |     78 |     50 |      0 |      0 |   1 |  128.0 |
       Volcano |    430 |    430 |      0 |     44 |    193 |   1 |  430.0 |
               +--------+--------+--------+--------+--------+-----+--------+

Top non-repeatable levels by time:
     D:9: 1630 daAuts
     D:4: 1262 daAuts
     D:2: 1181 daAuts
     D:5: 1169 daAuts
     D:3: 1065 daAuts
     D:1: 1012 daAuts
     D:7: 617 daAuts
     D:8: 536 daAuts
     D:6: 518 daAuts
    D:10: 485 daAuts
 Volcano: 430 daAuts
  Temple: 175 daAuts
  Lair:1: 128 daAuts
